 Dungeon Crawl Stone Soup version bcrawl-1.21.3 (webtiles) character file.

Game seed: 324943165291475107

93 Flugslaktarn the Sneak (level 4, -7/28 HPs)
             Began as a Skeleton Archaeologist on Mar 28, 2020.
             Killed by divine providence
             ... invoked by an orc priest
              (15 damage)
             ... on level 2 of the Dungeon.
             The game lasted 00:01:40 (2802 turns).

Flugslaktarn the Sneak (Skeleton Archaeologist)     Turns: 2802, Time: 00:01:41

Health: -7/28      AC:  8    Str: 19    XL:     4   Next: 36%
Magic:  0/4        EV: 12    Int: 12    God:
Gold:   61         SH:  0    Dex:  7    Spells: 3/3 levels left

rFire    . . .     SeeInvis .   i - +0 dagger (venom)
rCold    + . .     Gourm    .   (no shield)
rNeg     + + +     Faith    .   b - +1 robe
rPois    ∞         Spirit   +   c - +1 hat
rElec    .         Reflect  .   l - +0 cloak
rCorr    .         Harm     .   k - +0 pair of gloves
MR       .....                  d - +1 pair of boots
Stlth    ++........             (no amulet)
HPRegen  0.09/turn              (no ring)
MPRegen  0.09/turn              (no ring)

@: no status effects
A: no food or potions, cold resistance 1, deterioration 1, negative energy
resistance 3, torment resistance, unbreathing, magic shield, sturdy frame 1,
spell healing
a: no special abilities


You were on level 2 of the Dungeon.
You were not hungry.

You visited 1 branch of the dungeon, and saw 3 of its levels.

You collected 61 gold pieces.

Inventory:

Hand Weapons
 a - a +0 whip
 i - a +0 dagger of venom (weapon)
   (You took it off a goblin on level 1 of the Dungeon)
Armour
 b - a +1 robe (worn)
 c - a +1 hat (worn)
 d - a +1 pair of boots (worn)
 k - a +0 pair of gloves (worn)
   (You found it on level 2 of the Dungeon)
 l - a +0 cloak (worn)
   (You found it on level 2 of the Dungeon)
Scrolls
 e - a scroll of magic mapping
 g - a scroll of amnesia {unknown}
 h - 3 scrolls of identify {unknown}
 j - a scroll of enchant armour {unknown}
 m - a scroll of fear {unknown}
Miscellaneous
 f - a dusty tome


   Skills:
 * Level 3.5 Fighting
 - Level 1.2 Maces & Flails
 + Level 2.3 Armour
 - Level 3.0 Dodging
 - Level 3.6 Stealth


You had 3 spell levels left.
You didn't know any spells.
Your spell library was empty.

Dungeon Overview and Level Annotations

Branches:
Dungeon (3/12)

Altars:


Innate Abilities, Weirdness & Mutations

You do not eat or drink.
You are immune to poison.
Your flesh is cold resistant. (rC+)
Your body sometimes deteriorates upon taking damage.
You are immune to negative energy. (rN+++)
You are immune to unholy pain and torment.
You can survive without breathing.
When hurt, damage is shared between your health and your magic reserves.
Your movements are slightly less encumbered by armour. (ER -2)
Casting spells heals you.


Message History

You are too injured to fight recklessly!
You are too injured to fight recklessly!
You are too injured to fight recklessly!
You are too injured to fight recklessly!
You are too injured to fight recklessly!
Unknown command.
Things that are here:
a rat corpse; a jackal corpse
There is a stone staircase leading up here.
The orc priest closely misses you.
You climb upwards.
There is a stone staircase leading down here.
Unknown command.
Unknown command.
You hit the orc priest but do no damage.
The orc priest is heavily wounded.
The orc priest mumbles some strange prayers to Beogh against you.
Beogh smites you!
Ouch! That really hurt!
You die...

#.# #.# #.##### ##########
#..%..# ##...##...##
##....#############..........##
#.........#.....##............#
#................#............#
###...........................#
#.............@o#..........##
#...............##....#...##
#....>..........#..#.######
###.................##.#
#.#...............####.#
#..#.............## #.#
##.##.....#.....## ##.####
#..#######.##.## ##.....# ##.##
##.##..####..###.#


You could see an orc priest.

Vanquished Creatures
  4 worms
  3 dart slugs
  7 leopard geckos
  2 orcs (D:3)
  5 bats
  A giant cockroach (D:2)
  5 goblins
  7 hobgoblins
  2 jackals (D:3)
  2 quokkas (D:2)
  2 ball pythons (D:1)
  7 frilled lizards
  13 kobolds
  6 rats
  A plant (D:2)
67 creatures vanquished.

Notes
Turn   | Place    | Note
-------+----------+-------------------------------------------
     0 | D:1      | Flugslaktarn the Skeleton Archaeologist began the quest for
                  | the Orb.
     0 | D:1      | Reached XP level 1. HP: 12/12 MP: 1/1
   214 | D:1      | Reached skill level 1 in Armour
   214 | D:1      | Reached XP level 2. HP: 15/17 MP: 2/2
  1224 | D:2      | Reached XP level 3. HP: 22/22 MP: 1/3
  2291 | D:2      | Reached XP level 4. HP: 25/28 MP: 4/4
  2802 | D:2      | Killed from afar by an orc priest

Skill      XL: |  1  2  3 |
---------------+----------+-----
Armour         | 1 2 |  2.3
Fighting       | 2 3 |  3.5
Maces & Flails | |  1.2
Dodging        | |  3.0
Stealth        | |  3.6

Action                   |  1- 3 |  4- 6 || total
-------------------------+-------+-------++-------
Melee: Whip              |   131 |       ||   131
       Dagger            |    77 |    79 ||   156
 Stab: Sleeping          |     6 |     1 ||     7
Armor: Robe              |    91 |    30 ||   121
Dodge: Dodged            |   136 |    64 ||   200
